 Dungeon Crawl Stone Soup version 0.30-a0-42-g806c11bf1d (webtiles) character file.

Game seed: 13751819098176588324

32 ytrimaz the Insei (level 3, -1/34 HPs)
             Began as an Octopode Transmuter on Aug 30, 2022.
             Slain by an adder (3 damage)
             ... on level 2 of the Dungeon.
             The game lasted 00:06:44 (1228 turns).

ytrimaz the Insei (Octopode Transmuter)             Turns: 1228, Time: 00:06:44

Health: -1/34      AC:  2    Str:  9    XL:     3   Next: 27%
Magic:  3/6        EV: 19    Int: 17    God:
Gold:   41         SH:  0    Dex: 17    Spells: 0/6 levels left

rFire   . . .      SeeInvis .      - Unarmed
rCold   . . .      Faith    .    (shield currently unavailable)
rNeg    . . .      Spirit   .    (helmet currently unavailable)
rPois   x          Reflect  .    (no amulet)
rElec   .          Harm     .    (no ring)
rCorr   .          Rampage  .    (no ring)
Will    .....                    (no ring)
Stlth   ..........               (no ring)
HPRegen 0.11/turn                (no ring)
MPRegen 0.10/turn                (no ring)
                                 (no ring)
                                 (no ring)

@: berserking, lethally poisoned (-1 -> -6), spider-form (expiring), very quick
A: venomous fangs, almost no armour, (amphibious), 8 rings, tiny, (camouflage
1), (gelatinous body 1), (nimble swimmer 1), (tentacles)
a: End Transformation


You were on level 2 of the Dungeon.
You were a venomous arachnid creature.
You visited 1 branch of the dungeon, and saw 2 of its levels.

You collected 41 gold pieces.


Innate Abilities, Weirdness & Mutations

You are a venomous arachnid creature.
You have poisonous fangs.
You are tiny and dextrous.
Your spellcasting is less reliable in this form.
Your armour is entirely melded.
You are incapable of wielding weapons or throwing items.
You cannot wear most types of armour.
((You are amphibious.))
You can wear up to eight rings at the same time.
((Your skin changes colour to match your surroundings (Stealth+).))
((Your rubbery body absorbs attacks. (AC +1, EV +1)))
((You are camouflaged when in or above water. (Stealth+)))
((You have tentacles for arms and can constrict up to eight enemies at once.))


   Skills:
 - Level 1.0 Fighting
 - Level 2.0 Dodging
 - Level 4.2 Unarmed Combat
 + Level 2.0 Spellcasting
 + Level 2.0 Transmutations
 * Level 0.3 Poison Magic


You couldn't memorise any spells.
You knew the following spells:

 Your Spells              Type           Power      Damage    Failure   Level
a - Beastly Appendage     Tmut           16%        N/A       22%         1
b - Wereblood             Tmut           8%         N/A       30%         2
c - Spider Form           Tmut/Pois      5%         N/A       56%         3

Your spell library contained the following spells:

 Spells                   Type           Power      Damage    Failure   Level
 Slow                     Hex            4%         N/A       38%         1
 Confusing Touch          Hex            1%         N/A       71%         3
 Vampiric Draining        Necr           1%         2d6       71%         3
 Ice Form                 Ice/Tmut       5%         N/A       90%         4

Inventory:

Scrolls
 b - a scroll of vulnerability {unknown}
 f - 2 scrolls of magic mapping {!r}
Potions
 a - a potion of lignification {!q}
 e - 2 potions of haste {unknown}
 g - 2 potions of curing {unknown}

Dungeon Overview and Level Annotations

Branches:
Dungeon (2/15) Zot: 10774

Altars:

#.#.#### ##......#
........# .......[# #
........# . ..S..J...#
# .......w# #[....gS#
#....##s# ###..##.#
#..##.# .#.###..##(#
### ........††.####
#.. ##............#
#.# #####.######[# #.#
#........###########.#
#.######.............#


You could see 2 adders, a dart slug, an endoplasm and a goblin.


Message History

Your squeeze misses the bat. The bat barely misses you.
The bat closely misses you. The bat barely misses you.
You are too injured to fight recklessly!
You miss the bat. Your grab misses the bat.
You pierce the bat.
You kill the bat!
Your tentacle spike disappears.
You are too injured to fight recklessly!
You see here a bat corpse.
You drop a fizzy brown potion.
You see here a quokka corpse.
Things that are here:
a fizzy brown potion; a bat corpse; 😮 HP[+1]
g - 2 fizzy brown potions (gained 1)
You drop a fizzy brown potion.
g - 2 fizzy brown potions (gained 1) Adjust (i)tems, (s)pells, or (a)bilities?
Adjust which spell?
Okay, then.
Unknown command.
Adjust (i)tems, (s)pells, or (a)bilities?
Okay, then.
Unknown command.
Unknown command.
Okay, then.
There's nothing to open nearby.
You aren't carrying any pieces of jewellery.
Okay, then.
You drop 6 stones {throwing}.
You drop 2 poisoned darts {throwing}.
Things that are here:
2 poisoned darts {throwing}; 6 stones {throwing} You are too injured to fight recklessly!
You are too injured to fight recklessly!
You are too injured to fight recklessly!
You are too injured to fight recklessly!
A dart slug, an endoplasm and a goblin come into view.
You are too injured to fight recklessly!
You are too injured to fight recklessly!
You see here a scroll labelled ZUYV AMILLUTZ.
Casting: Beastly Appendage (safe; 9% risk of failure)
Confirm with . or Enter, or press ? or * to list all spells.
The spell is extremely dangerous to miscast (34% risk of failure)!
Continue anyway?
You turn into a venomous arachnid creature.
Your transformation is almost over.
The goblin shouts!
The adder hisses angrily.
You hear a shout!
The dart slug launches a dart at you. The slug dart misses you.
The adder barely misses you.
An adder comes into view.
The endoplasm quivers. 😮 HP[+1] MP[-3]
You lost 3 mp, and now have 3/6 mp.
The adder bites you. 😮 HP[-4]
You take 4 damage, and now have 12/23 hp.
The adder attacks as you move away! The adder bites you.
* * * LOW HITPOINT WARNING * * *
You are lethally poisoned!
The adder poisons you!
* * * LOW HITPOINT WARNING * * *
You feel very sick. 😨 HP[-5]
You take 5 damage, and now have 7/23 hp.
MASSIVE DAMAGE!! (PAUSE) Really quaff
a - a potion of lignification {!q}?
Really quaff the potion of lignification? [Y]es or [N]o only, please.
Really quaff the potion of lignification?
Okay, then.
It was a potion of berserk rage.
A red film seems to cover your vision as you go berserk!
You feel yourself moving faster!
You feel mighty!
* * * LOW HITPOINT WARNING * * *
You feel sick. The adder bites you.
* * * LOW HITPOINT WARNING * * *
The adder barely misses you. 😱 HP[-1]
You now have 34 max hp (+11).
Unknown command.
You barely miss the adder.
* * * LOW HITPOINT WARNING * * *
You feel sick. The adder closely misses you. 😱 HP[-2]
You take 2 damage, and now have 4/34 hp.
The adder hisses angrily.
You hit the adder.
The adder is poisoned.
* * * LOW HITPOINT WARNING * * *
You feel sick. 😱 HP[-1]
You take 1 damage, and now have 3/34 hp.
Unknown command.
You closely miss the adder.
* * * LOW HITPOINT WARNING * * *
You feel sick. The adder bites you.
You die...

Skill      XL: |  1  2 |
---------------+-------+-----
Unarmed Combat | 4 |  4.2
Fighting       | |  1.0
Dodging        | |  2.0
Spellcasting   | |  2.0
Transmutations | |  2.0
Poison Magic   | |  0.3

Action                   || total
-------------------------++-------
Melee: Unarmed           ||    42
       Constrict         ||    12
       Kick              ||    11
       Tentacles         ||     6
       Punch             ||     1
 Cast: Beastly Appendage ||    17
       Spider Form       ||     2
  Use: Scroll            ||     4
       Potion            ||     1
 Stab: Sleeping          ||     2
Armor: Skin              ||     4
Dodge: Dodged            ||    29

Levels and vault maps discovered:
D:1:      dpeg_arrival_rooms_with_view, layout_loops_ring, serial_glass,
          glass_columns_a, glass_columns_a,
          dreamdust_ecumenical_altar_angels_and_demons
D:2:      layout_loops_ring

Notes
Turn   | Place    | Note
-------+----------+-------------------------------------------
     0 | D:1      | ytrimaz the Octopode Transmuter began the quest for the
                  | Orb.
     0 | D:1      | Reached XP level 1. HP: 13/13 MP: 3/3
     0 | D:1      | magus.rc [v1.9.6]
   102 | D:1      | Found a faded altar of an unknown god.
   246 | D:1      | Reached XP level 2. HP: 18/18 MP: 3/5
   555 | D:1      | You pick up a book of Debilitation and begin reading...
   555 | D:1      | You add the spells Slow, Vampiric Draining and Confusing
                  | Touch to your library.
  1011 | D:2      | Reached skill level 4 in Unarmed Combat
  1011 | D:2      | Reached XP level 3. HP: 23/23 MP: 4/6
  1037 | D:1      | Learned a level 2 spell: Wereblood
  1041 | D:1      | Learned a level 3 spell: Spider Form
  1225 | D:2      | HP: 8/34 [poisoned by an adder]
  1227 | D:2      | HP: 3/34 [poisoned by an adder]
  1228 | D:2      | Slain by an adder

Vanquished Creatures
  A gnoll (D:2)
  A dart slug (D:1)
  A ball python (D:1)
  3 bats
  An endoplasm (D:1)
  A giant cockroach (D:1)
  A goblin (D:2)
  4 hobgoblins
  2 quokkas
  A kobold (D:1)
  3 rats
19 creatures vanquished.

Table legend:
 A = Non-vault XP
 B = Vault XP
 C = Vault XP percentage of total XP
 D = Non-vault monster count
 E = Vault monster count
 F = Vault count percentage of total count
                 A         B        C        D         E       F
            +---------+---------+-------+---------+---------+-------
      Total |      45 |       2 |   4.3 |      17 |       2 |  10.5
            +---------+---------+-------+---------+---------+-------
        D:1 |      22 |       2 |   8.3 |      11 |       2 |  15.4
        D:2 |      23 |       0 |   0.0 |       6 |       0 |   0.0
            +---------+---------+-------+---------+---------+-------

Illustrated notes

Table legend:
 A = Kills in this place as a percentage of kills in entire the game.
 B = Kills by you in this place as a percentage of kills by you in the entire game.
 C = Kills by friends in this place as a percentage of kills by friends in the entire game.
 D = Other kills in this place as a percentage of other kills in the entire game.
 E = Experience gained in this place as a percentage of experience gained in the entire game.
 F = Experience gained in this place divided by the number of levels of this place that you have seen.
                   A       B       C       D       E      F
               +-------+-------+-------+-------+-------+----------------------
         Total | 100.0 | 100.0 |   N/A |   N/A | 100.0 |  23.5
       Dungeon | 100.0 | 100.0 |   N/A |   N/A | 100.0 |  23.5
               +-------+-------+-------+-------+-------+----------------------

Table legend: (Time is in decaauts)
 A = Elapsed time spent in this place.
 B = Non-inter-level travel time spent in this place.
 C = Inter-level travel time spent in this place.
 D = Time resting spent in this place.
 E = Time spent auto-exploring this place.
 F = Levels seen in this place.
 G = Mean time per level.
                   A        B        C        D        E       F      G
               +--------+--------+--------+--------+--------+-----+--------+
         Total |   1225 |   1210 |     15 |      9 |    943 |   2 |  612.5 |
       Dungeon |   1225 |   1210 |     15 |      9 |    943 |   2 |  612.5 |
               +--------+--------+--------+--------+--------+-----+--------+

Top non-repeatable levels by time:
     D:1: 986 daAuts
     D:2: 238 daAuts
